 Dungeon Crawl Stone Soup version 0.24.0-2-g5b39cebb1c (webtiles) character file.

Game seed: 6313273911827090936, levelgen mode: deterministic

679 mopl the Ruffian (level 7, -1/57 HPs)
             Began as a Ghoul Fighter on Oct 29, 2019.
             Was a Believer of Yredelemnul.
             Slain by Dowan
             ... wielding a +1 dagger of speed
              (4 damage)
             ... on level 5 of the Dungeon.
             The game lasted 00:04:43 (3185 turns).

mopl the Ruffian (Ghoul Fighter)                    Turns: 3185, Time: 00:04:43

Health: -1/57      AC: 12    Str: 20    XL:     7   Next: 60%
Magic:  8/8        EV:  0    Int:  4    God:    Yredelemnul [**....]
Gold:   183        SH:  9    Dex:  9    Spells: 6/6 levels left

rFire    . . .     SeeInvis .     - Unarmed
rCold    + . .     Gourm    .   b - +0 shield
rNeg     + + +     Faith    .   o - +0 plate armour
rPois    ∞         Spirit   .   (no helmet)
rElec    .         Reflect  .   (no cloak)
rCorr    .         Harm     .   m - +0 pair of gloves
MR       .....                  (no boots)
Stlth    ..........             (no amulet)
HPRegen  0.00/turn              h - -4 ring of evasion (curse)
MPRegen  0.11/turn              (no ring)

@: rotting
A: rotting body, claws 1, carnivore, cold resistance 1, negative energy
resistance 3, inhibited regeneration, torment resistance, unbreathing
a: Animate Remains, Recall Undead Slaves, Injury Mirror, Renounce Religion


You were on level 5 of the Dungeon.
You worshipped Yredelemnul.
Yredelemnul was pleased with you.
You were not hungry.

You visited 1 branch of the dungeon, and saw 5 of its levels.

You collected 183 gold pieces.

Inventory:

Missiles
 j - 4 atropa-tipped darts (quivered)
Armour
 b - a +0 shield (worn)
 m - a +0 pair of gloves (worn)
 o - a +0 plate armour (worn)
Jewellery
 h - a cursed -4 ring of evasion (left hand)
Scrolls
 e - 2 scrolls of enchant weapon {unknown}
 k - 2 scrolls of remove curse {unknown}
 l - 3 scrolls of teleportation {unknown}
 n - a scroll of identify
Potions
 a - a potion of curing
 c - a potion of might
 f - 3 potions of heal wounds
 g - 2 potions of invisibility
 i - a potion of flight
Comestibles
 d - 7 rations


   Skills:
 - Level 3.2 Fighting
 + Level 3.0 Throwing
 - Level 2.6 Armour
 + Level 3.8 Shields
 * Level 6.1 Unarmed Combat
 * Level 3.9 Invocations


You had 6 spell levels left.
You didn't know any spells.
Your spell library contained the following spells:

 Spells                   Type           Power        Failure   Level  Hunger
 Confusing Touch          Hex            #.....       100%        1    ##.....
 Confuse                  Hex            #.......     100%        3    ####...
 Gell's Gravitas          Tloc           #.........   100%        3    ####...
 Petrify                  Tmut/Erth      #.......     100%        4    #####..
 Metabolic Englaciation   Hex/Ice        #.........   100%        5    ######.
 Yara's Violent Unravell  Hex/Tmut       #.........   100%        5    ######.


Dungeon Overview and Level Annotations

Branches:
Dungeon (5/15)             Temple (0/1) D:5

Altars:
Kikubaaqudgha
Okawaru
Yredelemnul

Annotations:
D:5 Dowan


Innate Abilities, Weirdness & Mutations

Your body is rotting away.
You thrive on raw meat.
You are immune to poison.
You have sharp fingernails.
You are carnivorous and can eat meat at any time.
Your flesh is cold resistant. (rC+)
You are immune to negative energy. (rN+++)
You do not regenerate when monsters are visible.
You are immune to unholy pain and torment.
You can survive without breathing.


Message History

Dowan is heavily wounded.
Dowan hits you but does no damage.
You closely miss Dowan.
Dowan is heavily wounded.
Dowan hits you but does no damage. Dowan completely misses you.
You aren't carrying any items that you can evoke.
Unknown command.
You hit Dowan.
Dowan is severely wounded.
Dowan hits you but does no damage.
You closely miss Dowan.
Dowan is severely wounded.
Dowan gestures at you while chanting. The stone arrow hits you!
* * * LOW HITPOINT WARNING * * *
You punch Dowan!
Dowan is almost dead.
Dowan hits you with a +1 dagger of speed.
You die...
Yredelemnul claims you as an undead slave.

#..........^>.
#.###...###..#
#...#.e.#....#
###...#...#....#
#.......(......#
#.###.#..###....
##....# ..
#e....# #
#@##.##
#.##(##.#
#.)<[...#
####>#### #.#
#.# ... #.# #.#


You could see Dowan.

Vanquished Creatures
  The ghost of skk the Ruffian, an amateur NaTm (D:4)
  Duvessa (D:5)
  2 scorpions
  A crimson imp (D:5)
  A bullfrog zombie (D:2)
  An orc priest (D:3)
  A worker ant (D:4)
  7 adders
  An ooze (D:3)
  3 worms (D:3)
  2 dart slugs (D:1)
  2 leopard geckos
  6 orcs (D:3)
  2 ball pythons
  2 giant cockroaches
  10 hobgoblins
  5 jackals
  6 kobolds
  A quokka (D:2)
  9 bats
  A frilled lizard (D:4)
  6 goblins
  5 rats
76 creatures vanquished.

Notes
Turn   | Place    | Note
-------+----------+-------------------------------------------
     0 | D:1      | mopl the Ghoul Fighter began the quest for the Orb.
     0 | D:1      | Reached XP level 1. HP: 19/19 MP: 0/0
     2 | D:1      | Noticed a gargoyle
     2 | D:1      | Noticed a halfling
     4 | D:1      | Noticed a felid
     6 | D:1      | Noticed a formicid
     8 | D:1      | Noticed a merfolk
     8 | D:1      | Noticed a tengu
    10 | D:1      | Noticed a troll
    10 | D:1      | Noticed a naga
    12 | D:1      | Noticed an octopode
    12 | D:1      | Noticed a dwarf
    14 | D:1      | Noticed a demigod
    16 | D:1      | Noticed a ghoul
    16 | D:1      | Noticed a vine stalker
    18 | D:1      | Noticed a centaur
    18 | D:1      | Noticed a draconian
    20 | D:1      | Noticed a demonspawn
    20 | D:1      | Noticed a minotaur
    22 | D:1      | Noticed a vampire
    24 | D:1      | Noticed an ogre
    24 | D:1      | Noticed an elf
    26 | D:1      | Noticed a spriggan
    26 | D:1      | Noticed a human
    73 | D:1      | Reached XP level 2. HP: 22/26 MP: 1/1
   119 | D:1      | Reached skill level 3 in Unarmed Combat
   200 | D:1      | Reached skill level 1 in Throwing
   238 | D:1      | Reached XP level 3. HP: 23/31 MP: 2/2
  1016 | D:2      | Reached XP level 4. HP: 29/38 MP: 3/3
  1054 | D:2      | Reached skill level 4 in Unarmed Combat
  1307 | D:3      | Found a faded altar of an unknown god.
  1347 | D:3      | Became a worshipper of Yredelemnul the Dark
  1347 | D:3      | Reached * piety under Yredelemnul
  1428 | D:3      | Reached XP level 5. HP: 36/45 MP: 4/4
  1773 | D:3      | Reached skill level 1 in Invocations
  1927 | D:3      | Found an iron altar of Okawaru.
  2149 | D:4      | Found an ancient bone altar of Kikubaaqudgha.
  2229 | D:4      | Found a runed translucent door.
  2244 | D:4      | Noticed skk's ghost (amateur NaTm)
  2288 | D:4      | Killed skk's ghost
  2288 | D:4      | Reached skill level 5 in Unarmed Combat
  2288 | D:4      | Reached XP level 6. HP: 23/51 MP: 5/7
  2419 | D:4      | Reached XP level 7. HP: 34/57 MP: 8/8
  2584 | D:5      | Entered Level 5 of the Dungeon
  2588 | D:5      | Found a staircase to the Ecumenical Temple.
  2588 | D:5      | Noticed Duvessa
  2589 | D:5      | Noticed Dowan
  2618 | D:5      | Reached ** piety under Yredelemnul
  3088 | D:5      | Killed Duvessa
  3088 | D:5      | Reached skill level 6 in Unarmed Combat
  3185 | D:5      | Slain by Dowan

Levels and vault maps discovered:
D:1:      kb_arrival_jail, layout_basic, serial_curves, eino_curves_02,
          eino_curves_02
D:2:      layout_basic, first_ration
D:3:      layout_basic, okawaru_metal_pillars_3,
          chequers_ecumenical_altar_simple
D:4:      layout_rooms, lemuel_crystal_altar, ebering_ghost_reflecting_pool
D:5:      cheibrodos_iron_armory, layout_loops_cross,
          minmay_temple_entry_junction_2, uniq_duvessa, uniq_eustachio

Skill      XL: |  1  2  3  4  5  6  7 |
---------------+----------------------+-----
Unarmed Combat | 3 4 5 6 |  6.1
Throwing       | 1 2 3 |  3.0
Shields        | 3 |  3.8
Invocations    | 2 3 |  3.9
Fighting       | |  3.2
Armour         | |  2.6

Action                   |  1- 3 |  4- 6 |  7- 9 || total
-------------------------+-------+-------+-------++-------
Melee: Unarmed           |   119 |   196 |   103 ||   418
  Use: Scroll            |     3 |     2 |       ||     5
  Eat: Chunk             |    12 |    12 |     4 ||    28
Armor: Scale mail        |    58 |    54 |       ||   112
       Plate armour      |       |    25 |    49 ||    74
Dodge: Dodged            |    35 |    13 |     3 ||    51
Block: Shield            |    62 |    72 |    35 ||   169
